Map: Lightshade LE

Players

DPGZest (Zest) - Winner!

  • Race: Protoss Protoss

Serral

  • Race: Zerg Zerg

Event: TSL 7

VOD

Have the link to the VOD?

Description

Time

  • Played on: June 13, 2021, 1:53 p.m.
  • Length: 9:39

All games in this series

Show
View Real Time Build Order
Export as new Build Order

DPGZest Protoss - Winner!

Build Orders: 1 Gate Expand, Oracle Opening 

Get SALT Encoding   

  12  0:00  Probe  
  13  0:12  Probe  
  14  0:20  Pylon  
  14  0:24  Probe  
  15  0:38  Probe (Chrono Boost)  
  15  0:40  Gateway  
  16  0:47  Probe (Chrono Boost)  
  17  0:50  Assimilator  
  17  0:52  Probe (Chrono Boost)  
  18  1:04  Probe  
  19  1:16  Probe  
  20  1:27  Cybernetics Core  
  20  1:37  Nexus  
  20  1:40  Probe  
  20  1:47  Pylon  
  21  1:52  Probe  
  22  1:56  Assimilator  
  22  2:02  Adept (Chrono Boost)  
  22  2:05  Probe  
  25  2:17  Probe  
  25  2:21  Stargate  
  26  2:24  Adept (Chrono Boost)  
  26  2:29  Probe  
  29  2:36  Warp Gate  
  29  2:42  Probe  
  30  2:48  Probe  
  30  2:50  Adept  
  33  2:54  Probe  
  34  3:00  Probe  
  34  3:02  Void Ray (Chrono Boost)  
  34  3:05  Gateway  
  35  3:06  Probe  
  40  3:14  Probe  
  41  3:20  Pylon  
  41  3:26  Probe x2  
  43  3:35  Oracle (Chrono Boost)  
  43  3:38  Probe  
  43  3:39  Probe  
  48  3:50  Nexus  
  48  3:53  Probe x2  
  50  3:59  Pylon  
  50  4:02  Assimilator  
  50  4:04  Assimilator  
  50  4:05  Probe  
  50  4:07  Probe  
  52  4:18  Probe, Stargate  
  52  4:22  Pylon  
  53  4:24  Probe  
  53  4:28  Void Ray  
  53  4:30  Probe  
  55  4:37  Probe  
  57  4:39  Forge  
  57  4:42  Probe  
  58  4:49  Probe  
  59  4:53  Shield Battery  
  59  4:54  Probe  
  59  4:58  Protoss Air Weapons Level 1  
  60  5:01  Probe  
  60  5:04  Void Ray (Chrono Boost)  
  60  5:05  Void Ray (Chrono Boost)  
  60  5:06  Probe  
  68  5:23  Probe x2  
  68  5:25  Probe  
  71  5:31  Pylon  
  71  5:35  Probe x2  
  73  5:38  Void Ray (Chrono Boost)  
  73  5:39  Photon Cannon  
  73  5:40  Void Ray (Chrono Boost)  
  78  5:47  Photon Cannon  
  81  5:52  Photon Cannon  
  81  5:53  Shield Battery  
  81  5:55  Shield Battery  
  81  5:57  Photon Cannon  
  81  6:01  Adept  
  81  6:02  Adept  
  85  6:05  Shield Battery, Void Ray (Chrono Boost)  
  85  6:10  Shield Battery, Void Ray (Chrono Boost)  
  93  6:36  Pylon  
  93  6:37  Pylon  
  93  6:38  Shield Battery, Pylon  
  92  6:47  Probe  
  92  6:49  Void Ray (Chrono Boost)  
  92  6:50  Void Ray (Chrono Boost)  
  92  6:55  Zealot  
  92  6:58  Probe  
  92  7:01  Probe x2  
  88  7:10  Probe, Adept  
  88  7:12  Protoss Ground Weapons Level 1 (Chrono Boost)  
  88  7:13  Probe x2  
  92  7:17  Void Ray (Chrono Boost)  
  92  7:18  Twilight Council  
  92  7:20  Void Ray  
  92  7:22  Probe  
  97  7:25  Probe x2  
  103  7:34  Probe, Pylon  
  104  7:37  Probe x2, Pylon  
  106  7:46  Probe, Gateway  
  106  7:47  Gateway  
  106  7:49  Probe x2, Gateway  
  109  7:52  Gateway x2, Charge (Chrono Boost)  
  109  7:53  Pylon  
  109  7:56  Photon Cannon  
  109  7:58  Probe  
  110  8:01  Probe x2  
  112  8:12  Gateway  
  112  8:14  Templar Archives, Gateway  
  112  8:16  Gateway  
  112  8:19  Photon Cannon  
  112  8:21  Assimilator  
  112  8:23  Assimilator  
  112  8:26  Photon Cannon  
  112  8:33  Robotics Facility  
  112  8:41  Gateway  
  112  8:42  Zealot x3, Sentry  
  120  8:51  Zealot x2  
  120  8:52  Zealot  
  126  9:03  Zealot  
  126  9:04  Zealot x2  
  131  9:13  Zealot  
  131  9:14  Zealot  
  131  9:16  Zealot  
  133  9:20  Zealot x3  
  125  9:24  Zealot x3  
Show
View Real Time Build Order
Export as new Build Order

Serral Zerg 

Build Orders: Pool First 

Get SALT Encoding   

  12  0:00  Drone  
  13  0:12  Overlord  
  13  0:17  Drone  
  14  0:30  Drone x2  
  16  0:40  Spawning Pool  
  15  0:44  Drone  
  16  1:06  Hatchery  
  16  1:10  Drone  
  16  1:13  Drone  
  16  1:17  Drone  
  18  1:26  Extractor  
  18  1:27  Zergling x2  
  18  1:32  Queen  
  20  1:35  Drone  
  21  1:43  Overlord  
  21  1:53  Drone  
  22  2:03  Drone  
  22  2:07  Queen  
  25  2:14  Zergling x2  
  26  2:18  Drone, Queen  
  29  2:25  Drone  
  29  2:28  Metabolic Boost  
  30  2:31  Drone  
  30  2:37  Drone  
  30  2:39  Drone  
  32  2:45  Drone x3  
  32  2:48  Overlord  
  35  3:02  Hatchery  
  35  3:04  Zergling x2  
  35  3:08  Overlord  
  35  3:15  Drone x2  
  35  3:18  Drone x2  
  35  3:19  Drone  
  40  3:24  Drone  
  40  3:25  Drone x2  
  43  3:30  Queen  
  45  3:36  Queen  
  45  3:40  Overlord  
  47  3:42  Drone  
  47  3:43  Drone  
  49  3:56  Overlord  
  49  3:59  Drone  
  49  4:00  Zergling x2  
  51  4:03  Overlord  
  51  4:08  Spore Crawler  
  50  4:10  Drone x2, Spore Crawler  
  50  4:14  Queen  
  50  4:15  Drone x5  
  58  4:18  Drone x2  
  58  4:22  Drone  
  61  4:24  Drone  
  61  4:25  Drone  
  61  4:27  Drone  
  63  4:36  Drone x2, Roach Warren  
  64  4:42  Drone x4  
  64  4:45  Overlord  
  68  4:49  Queen  
  68  4:51  Queen  
  72  4:56  Overlord  
  72  5:00  Extractor x2  
  72  5:02  Extractor x2  
  72  5:03  Lair  
  72  5:04  Overlord  
  66  5:13  Drone x2  
  67  5:19  Drone x2  
  67  5:20  Roach x4  
  73  5:24  Roach x2  
  77  5:30  Roach  
  77  5:31  Roach x2  
  83  5:37  Roach  
  83  5:38  Roach x2  
  83  5:39  Overlord  
  89  5:44  Zergling x4  
  89  5:48  Zergling x6  
  89  5:49  Zergling x2  
  95  5:52  Ravager x2  
  95  5:55  Overlord  
  97  6:01  Ravager x2  
  99  6:05  Zergling x12  
  99  6:08  Ravager  
  99  6:10  Overlord  
  103  6:19  Zergling x8  
  103  6:21  Ravager x2  
  106  6:28  Zergling x6  
  106  6:32  Queen x2  
  105  6:35  Ravager x3  
  99  6:44  Zergling x8  
  99  6:45  Hydralisk Den  
  76  7:01  Zergling x10  
  76  7:07  Queen  
  76  7:08  Queen x2  
  71  7:18  Hydralisk x3  
  72  7:24  Muscular Augments  
  72  7:27  Hydralisk x2  
  76  7:33  Hydralisk  
  77  7:43  Hydralisk x4  
  85  7:53  Hydralisk x3  
  91  8:02  Hydralisk x3  
  94  8:09  Hydralisk x2  
  98  8:18  Hydralisk  
  100  8:21  Hydralisk  
  102  8:28  Hydralisk  
  102  8:29  Hydralisk  
  106  8:35  Hydralisk x2  
  106  8:38  Zergling x6  
  113  8:42  Hydralisk  
  113  8:45  Overlord  
  113  8:47  Overlord  
  115  8:53  Hydralisk x2  
  117  9:05  Hydralisk x3  
Tags
 
Add a new tag
Caveats
  • Supply blocks, unpowered buildings, or Contaminate may cause inaccurate times.
  • Supply counts are checked every 10 seconds.